AoeStats
← janko9203

Arabia

510577308Analyzed
1v1 RM · 20h ago on Oct 1, 2026· 47m 4s· 2 players
Game mode
Random Map
Map size
Tiny (2 player)
Population
200
Speed
Normal
Resources
Standard
Victory
Conquest
Starting age
Dark Age
Ending age
Imperial Age
RankedLock teamsTeams togetherTeam positionsShared explorationLock speedFull tech treeHidden civsTurbo modeCheats
Victory
Defeat
🇬🇧 Khmer · United Kingdom
1056
+40
🇦🇷 Hindustanis · Argentina
1053
-16
BarneyGumbleeeee
6:17 Loom
9:34 Feudal Age
20:36 Fletching
21:23 Padded Archer Armor
26:08 Castle Age
27:00 Crossbowman
27:57 Scale Barding Armor
28:50 Double-Bit Axe
29:44 Husbandry
29:55 Bloodlines
34:18 Light Cavalry
38:26 Imperial Age
36:30 Gold Mining
37:29 Chain Barding Armor
39:49 Forging
43:53 Chemistry
44:43 Leather Archer Armor
46:32 Scale Mail Armor
47:28 Sanctity
janko9203
8:15 Loom
10:26 Feudal Age
11:00 Double-Bit Axe
10:56 Man-at-Arms
12:16 Arson
22:15 Castle Age
20:31 Horse Collar
29:28 Bow Saw
30:19 Wheelbarrow
37:56 Imperial Age
36:29 Hand Cart
37:07 Fletching
37:24 Scale Barding Armor
37:33 Bloodlines
38:34 Forging
38:23 Gold Mining
39:14 Town Watch
39:51 Chain Barding Armor
41:23 Plate Barding Armor
42:35 Iron Casting
43:33 Ballistics
43:25 Elite Ballista Elephant
44:16 Double Crossbow
45:36 Chemistry
Connection lost

Rejoining the realm…

Still unreachable

The connection could not be restored.

Session expired

The server has moved on; the page needs a fresh start.